EL
MIDLAND ROCKHOUNDS @ CHATTANOOGA LOOKOUTS
07/10/2044
 
TOP OF THE 1ST
Midland RockHounds batting - Pitching for Chattanooga Lookouts : RHP Matt Springer
Pitching: RHP Matt Springer
Batting: LHB Angel Sanchez 0-0: Ball
1-0: Ball
2-0: Ball
3-0: Base on Balls
Batting: RHB Mario Ramos 0-0: Ball
Angel Sanchez steals 2nd base (no throw)
1-0: Ball
2-0: Swinging Strike
2-1: Called Strike
2-2: Ball
3-2: TRIPLE (Line Drive, 89XD, EV 108.8 MPH)
Angel Sanchez scores
Batting: RHB Kevin Wiles 0-0: Called Strike
0-1: Swinging Strike
0-2: Ball
1-2: Strikes out swinging
Batting: RHB Josh Sinden 0-0: Called Strike
0-1: Ball
1-1: Foul Ball, location: 2F
1-2: Ball
2-2: Foul Ball, location: 2F
2-2: Ball
3-2: 2-RUN HOME RUN (Flyball, 7LD, EV 93.8 MPH), Distance : 357 ft
Batting: LHB Chance Stever 0-0: Ball
1-0: Ball
2-0: Ball
3-0: Base on Balls
Batting: RHB Trevor Conklin 0-0: Foul Ball, location: 2F
0-1: Ball
1-1: Ball
2-1: Ball
3-1: Swinging Strike
3-2: Fly out, F5 (Popup, 5SF, EV 68.8 MPH)
Batting: RHB Zack DiCicco 0-0: Called Strike
0-1: Ball
1-1: Foul Ball, location: 2F
1-2: Ball
2-2: Strikes out looking
Top of the 1st over - 3 runs, 2 hits, 0 errors, 1 left on base; Midland 3 - Chattanooga 0
BOTTOM OF THE 1ST
Chattanooga Lookouts batting - Pitching for Midland RockHounds : RHP Mike Staley
Pitching: RHP Mike Staley
Batting: LHB Marius Tadini 0-0: Ball
1-0: Ball
2-0: Ball
3-0: Called Strike
3-1: Foul Ball, location: 2F
3-2: Foul Ball, location: 2F
3-2: Base on Balls
Batting: RHB Ruben Martinez 0-0: Foul Ball, location: 2F
0-1: Ball
1-1: Foul Ball, location: 2F
1-2: Ball
2-2: Grounds into double play, 5-4-3 (Groundball, 15, EV 80.6 MPH)
Batting: LHB Matt Robertson 0-0: Foul Ball, location: 2F
0-1: Foul Ball, location: 2F
0-2: Strikes out swinging
Bottom of the 1st over - 0 runs, 0 hits, 0 errors, 0 left on base; Midland 3 - Chattanooga 0
TOP OF THE 2ND
Midland RockHounds batting - Pitching for Chattanooga Lookouts : RHP Matt Springer
Batting: RHB Fathi Addae 0-0: Ball
1-0: Foul Ball, location: 2F
1-1: Ball
2-1: Called Strike
2-2: Ball
3-2: Base on Balls
Batting: RHB Bastiaan Leenders 0-0: Swinging Strike
0-1: Ball
1-1: DOUBLE (Line Drive, 89M, EV 104.4 MPH)
Fathi Addae to third
Batting: LHB Angel Sanchez 0-0: Called Strike
0-1: Ball
1-1: Ball
2-1: Ball
Balk!
Fathi Addae scores
Bastiaan Leenders to third
3-1: Base on Balls
Batting: RHB Mario Ramos 0-0: Foul Ball, location: 2F
0-1: Called Strike
0-2: Ball
1-2: 3-RUN HOME RUN (Flyball, 78XD, EV 100.0 MPH), Distance : 405 ft
Pitching: LHP Craig Anderson
Batting: RHB Kevin Wiles 0-0: Called Strike
0-1: Ball
1-1: Foul Ball, location: 2F
1-2: Ball
2-2: Ball
3-2: Base on Balls
Batting: RHB Josh Sinden 0-0: Ball
1-0: Foul Ball, location: 2F
1-1: Ball
2-1: Fielders Choice at 2nd, 6-4 (Groundball, 6, EV 107.5 MPH)
Batting: LHB Chance Stever 0-0: Ball
1-0: Ball
2-0: Ball
3-0: Base on Balls
Josh Sinden to second
Batting: RHB Trevor Conklin 0-0: 3-RUN HOME RUN (Flyball, 9D, EV 95.6 MPH), Distance : 364 ft
Batting: RHB Zack DiCicco 0-0: Ball
1-0: Foul Ball, location: 2F
1-1: Ball
2-1: Ball
3-1: Called Strike
3-2: Base on Balls
Batting: RHB Fathi Addae 0-0: Called Strike
0-1: Foul Ball, location: 2F
0-2: Strikes out swinging
Batting: RHB Bastiaan Leenders 0-0: Called Strike
0-1: Ball
1-1: Called Strike
1-2: Foul Ball, location: 2F
1-2: Ball
2-2: Ball
3-2: Foul Ball, location: 2F
3-2: Ground out 4-3 (Groundball, 4, EV 90.6 MPH)
Top of the 2nd over - 7 runs, 3 hits, 0 errors, 1 left on base; Midland 10 - Chattanooga 0
BOTTOM OF THE 2ND
Chattanooga Lookouts batting - Pitching for Midland RockHounds : RHP Mike Staley
Batting: RHB Justin Allison 0-0: Ball
1-0: Ball
2-0: Ball
3-0: Base on Balls
Batting: RHB Masaichi Tokunaga 0-0: Ball
1-0: Called Strike
1-1: Swinging Strike
1-2: Strikes out looking
Batting: LHB Kozo Kanamori 0-0: Called Strike
0-1: Called Strike
0-2: Strikes out looking
Batting: RHB Bobby Paredes 0-0: Foul Ball, location: 2F
0-1: Foul Ball, location: 2F
0-2: Strikes out looking
Bottom of the 2nd over - 0 runs, 0 hits, 0 errors, 1 left on base; Midland 10 - Chattanooga 0
TOP OF THE 3RD
Midland RockHounds batting - Pitching for Chattanooga Lookouts : LHP Craig Anderson
Batting: LHB Angel Sanchez 0-0: Called Strike
0-1: Foul Ball, location: 2F
0-2: Strikes out swinging
Batting: RHB Mario Ramos 0-0: Foul Ball, location: 2F
0-1: Ball
1-1: Fly out, F9 (Flyball, 9LD, EV 88.1 MPH)
Batting: RHB Kevin Wiles 0-0: Ball
1-0: SINGLE (Groundball, 56D, EV 100.0 MPH)
Batting: RHB Josh Sinden 0-0: Ball
1-0: Fly out, F5 (Popup, 5S, EV 83.8 MPH)
Top of the 3rd over - 0 runs, 1 hit, 0 errors, 1 left on base; Midland 10 - Chattanooga 0
BOTTOM OF THE 3RD
Chattanooga Lookouts batting - Pitching for Midland RockHounds : RHP Mike Staley
Batting: RHB Julian de Reus 0-0: Called Strike
0-1: SINGLE (Flyball, 4D, EV 92.5 MPH)
Batting: RHB Ben Droge 0-0: Reached on error, E1 (Groundball, 13, EV 66.9 MPH)
Julian de Reus to second
Batting: LHB Marius Tadini 0-0: Grounds into double play, 4-6-3 (Groundball, 4, EV 88.8 MPH)
Julian de Reus to third
Batting: RHB Ruben Martinez 0-0: Ball
1-0: Ball
2-0: Foul Ball, location: 2F
2-1: Called Strike
2-2: Foul Ball, location: 2F
2-2: Foul Ball, location: 2F
2-2: SINGLE (Flyball, 5D, EV 96.9 MPH)
Julian de Reus scores
Batting: LHB Matt Robertson 0-0: Called Strike
0-1: Ground out 4-3 (Groundball, 4D, EV 101.3 MPH)
Bottom of the 3rd over - 1 run, 2 hits, 1 error, 1 left on base; Midland 10 - Chattanooga 1
TOP OF THE 4TH
Midland RockHounds batting - Pitching for Chattanooga Lookouts : LHP Craig Anderson
Batting: LHB Chance Stever 0-0: Foul Ball, location: 2F
0-1: Fly out, F8 (Flyball, 8RD, EV 98.1 MPH)
Batting: RHB Trevor Conklin 0-0: Called Strike
0-1: Swinging Strike
0-2: Single, Error in OF, E8, batter to second base (Groundball, 6MD, EV 111.9 MPH)
Batting: RHB Zack DiCicco 0-0: Ball
1-0: Foul Ball, location: 2F
1-1: Foul Ball, location: 2F
1-2: Ground out 6-3 (Groundball, 6, EV 77.5 MPH)
Batting: RHB Fathi Addae 0-0: Swinging Strike
0-1: Foul Ball, location: 2F
0-2: Ball
1-2: Strikes out swinging
Top of the 4th over - 0 runs, 1 hit, 1 error, 1 left on base; Midland 10 - Chattanooga 1
BOTTOM OF THE 4TH
Chattanooga Lookouts batting - Pitching for Midland RockHounds : RHP Mike Staley
Batting: RHB Justin Allison 0-0: Ground out 6-3 (Groundball, 6, EV 80.6 MPH)
Batting: RHB Masaichi Tokunaga 0-0: Ground out 2-3 (Groundball, 2R, EV 70.0 MPH)
Batting: LHB Kozo Kanamori 0-0: Called Strike
0-1: Ground out U3 (Groundball, 34, EV 108.8 MPH)
Bottom of the 4th over - 0 runs, 0 hits, 0 errors, 0 left on base; Midland 10 - Chattanooga 1
TOP OF THE 5TH
Midland RockHounds batting - Pitching for Chattanooga Lookouts : LHP Craig Anderson
Batting: RHB Bastiaan Leenders 0-0: Called Strike
0-1: Ball
1-1: Ground out 6-3 (Groundball, 6M, EV 91.9 MPH)
Pitching: RHP Justin Nourse
Batting: LHB Angel Sanchez 0-0: Ball
1-0: Ground out 4-3 (Groundball, 4, EV 98.8 MPH)
Batting: RHB Mario Ramos 0-0: Foul Ball, location: 2F
0-1: Foul Ball, location: 2F
0-2: Ball
1-2: Ball
2-2: Foul Ball, location: 2F
2-2: Ball
3-2: SINGLE (Line Drive, 5D, EV 99.4 MPH)
Batting: RHB Kevin Wiles 0-0: Ball
1-0: Ball
2-0: Ball
3-0: Base on Balls
Mario Ramos to second
Batting: RHB Josh Sinden 0-0: Ball
1-0: Foul Ball, location: 2F
1-1: Ball
2-1: Ball
3-1: Base on Balls
Mario Ramos to third
Kevin Wiles to second
Batting: LHB Chance Stever 0-0: Ball
1-0: Ball
2-0: Called Strike
2-1: Called Strike
2-2: Foul Ball, location: 2F
2-2: Foul Ball, location: 2F
2-2: Fielders Choice at 2nd, 6-4 (Groundball, 56, EV 86.3 MPH)
Top of the 5th over - 0 runs, 1 hit, 0 errors, 3 left on base; Midland 10 - Chattanooga 1
BOTTOM OF THE 5TH
Chattanooga Lookouts batting - Pitching for Midland RockHounds : RHP Mike Staley
Batting: RHB Bobby Paredes 0-0: SINGLE (Groundball, 6D, EV 106.3 MPH)
Batting: RHB Julian de Reus 0-0: Ball
1-0: Called Strike
1-1: Swinging Strike
1-2: Foul Ball, location: 2F
1-2: Grounds into double play, 1-4-3 (Groundball, 15S, EV 68.1 MPH)
Pitching: LHP Jin-ho Koo
Batting: RHB Ben Droge 0-0: Called Strike
0-1: Ball
1-1: Fly out, F5 (Line Drive, 5, EV 70.0 MPH)
Bottom of the 5th over - 0 runs, 1 hit, 0 errors, 0 left on base; Midland 10 - Chattanooga 1
TOP OF THE 6TH
Midland RockHounds batting - Pitching for Chattanooga Lookouts : RHP Justin Nourse
Batting: RHB Trevor Conklin 0-0: Foul Ball, location: 2F
0-1: Ball
1-1: Ball
2-1: Ball
3-1: SOLO HOME RUN (Flyball, 78XD, EV 106.9 MPH), Distance : 419 ft
Batting: RHB Zack DiCicco 0-0: Ground out 6-3 (Groundball, 6, EV 84.4 MPH)
Batting: RHB Fathi Addae 0-0: SINGLE (Groundball, 56D, EV 94.4 MPH)
Pitching: RHP Curtis Ferguson
Batting: RHB Bastiaan Leenders 0-0: Called Strike
0-1: Called Strike
0-2: Ball
1-2: Foul Ball, location: 2F
1-2: Ball
2-2: Hit by Pitch
Fathi Addae to second
Batting: LHB Angel Sanchez 0-0: SINGLE (Groundball, 4, EV 94.4 MPH)
Fathi Addae to third
Bastiaan Leenders to second
Batting: RHB Mario Ramos 0-0: Swinging Strike
0-1: Ball
1-1: Swinging Strike
1-2: Ball
2-2: Ball
3-2: Foul Ball, location: 2F
3-2: Strikes out swinging
Batting: RHB Kevin Wiles 0-0: Ball
1-0: Ball
2-0: Foul Ball, location: 2F
2-1: Ball
3-1: Base on Balls
Fathi Addae scores
Bastiaan Leenders to third
Angel Sanchez to second
Batting: RHB Josh Sinden 0-0: Fly out, F8 (Flyball, 8LD, EV 86.3 MPH)
Top of the 6th over - 2 runs, 3 hits, 0 errors, 3 left on base; Midland 12 - Chattanooga 1
BOTTOM OF THE 6TH
Chattanooga Lookouts batting - Pitching for Midland RockHounds : LHP Jin-ho Koo
Batting: LHB Marius Tadini 0-0: Called Strike
0-1: Ball
1-1: Ball
2-1: Foul Ball, location: 2F
2-2: Strikes out swinging
Batting: RHB Ruben Martinez 0-0: Ground out 6-3 (Groundball, 6, EV 81.9 MPH)
Batting: LHB Matt Robertson 0-0: Foul Ball, location: 2F
0-1: Swinging Strike
0-2: Foul Ball, location: 2F
0-2: Foul Ball, location: 2F
0-2: Ground out 4-3 (Groundball, 4, EV 85.0 MPH)
Bottom of the 6th over - 0 runs, 0 hits, 0 errors, 0 left on base; Midland 12 - Chattanooga 1
TOP OF THE 7TH
Midland RockHounds batting - Pitching for Chattanooga Lookouts : RHP Curtis Ferguson
Pinch Hitting: RHB Edgar Landim 0-0: Called Strike
0-1: Ground out 5-3 (Groundball, 56S, EV 80.0 MPH)
Batting: RHB Trevor Conklin 0-0: SINGLE (Line Drive, 8RM, EV 95.6 MPH)
Pinch Hitting: RHB Justin Menotti 0-0: Fielders Choice at 2nd, 3-6 (Groundball, 34, EV 89.4 MPH)
Batting: RHB Fathi Addae 0-0: SINGLE (Groundball, 56D, EV 101.3 MPH)
Justin Menotti to second
Batting: RHB Bastiaan Leenders 0-0: Swinging Strike
0-1: Fly out, F5 (Line Drive, 5, EV 68.1 MPH)
Top of the 7th over - 0 runs, 2 hits, 0 errors, 2 left on base; Midland 12 - Chattanooga 1
BOTTOM OF THE 7TH
Chattanooga Lookouts batting - Pitching for Midland RockHounds : LHP Jin-ho Koo
Now at 3B: Edgar Landim
Now at SS: Justin Menotti
Now in LF: Mario Ramos
Batting: RHB Justin Allison 0-0: Ball
1-0: Called Strike
1-1: Ball
2-1: SOLO HOME RUN (Flyball, 78XD, EV 98.8 MPH), Distance : 397 ft
Batting: RHB Masaichi Tokunaga 0-0: Ball
1-0: Ball
2-0: Ground out U3 (Groundball, 3L, EV 78.8 MPH)
Batting: LHB Kozo Kanamori 0-0: Ball
1-0: Ball
2-0: Foul Ball, location: 2F
2-1: Foul Ball, location: 2F
2-2: Ball
3-2: Base on Balls
Batting: RHB Bobby Paredes 0-0: Called Strike
0-1: Ball
1-1: Ball
2-1: Called Strike
2-2: Strikes out swinging
Batting: RHB Julian de Reus 0-0: Ball
1-0: Called Strike
1-1: Ball
2-1: Swinging Strike
2-2: Foul Ball, location: 2F
2-2: Fielders Choice at 2nd, 6-4 (Groundball, 6, EV 83.1 MPH)
Bottom of the 7th over - 1 run, 1 hit, 0 errors, 1 left on base; Midland 12 - Chattanooga 2
TOP OF THE 8TH
Midland RockHounds batting - Pitching for Chattanooga Lookouts : RHP Curtis Ferguson
Batting: RHB Jonathan Gallup 0-0: Called Strike
0-1: Ball
1-1: Ball
2-1: Swinging Strike
2-2: Ball
3-2: Base on Balls
Batting: RHB Mario Ramos 0-0: Called Strike
0-1: Fielders Choice at 2nd, 6-4 (Groundball, 6, EV 85.6 MPH)
Pinch Hitting: RHB Tom Burns 0-0: Foul Ball, location: 2F
0-1: Swinging Strike
0-2: Strikes out swinging
Pinch Hitting: RHB Matt Sherard 0-0: Ball
Wild Pitch!
Mario Ramos to second
1-0: Fly out, F6 (Line Drive, 6, EV 75.6 MPH)
Top of the 8th over - 0 runs, 0 hits, 0 errors, 1 left on base; Midland 12 - Chattanooga 2
BOTTOM OF THE 8TH
Chattanooga Lookouts batting - Pitching for Midland RockHounds : LHP Jin-ho Koo
Now at 1B: John Cummings
Now in CF: Matt Sherard
Now in RF: Bastiaan Leenders
Batting: RHB Ben Droge 0-0: Ball
1-0: Ground out 5-3 (Groundball, 56, EV 91.3 MPH)
Pinch Hitting: RHB J.J. Powers 0-0: Called Strike
0-1: Called Strike
0-2: Ball
1-2: Ball
2-2: Reached on error, E6 (Groundball, 6, EV 91.9 MPH)
Pitching: RHP John Barney
Batting: RHB Ruben Martinez 0-0: Ball
1-0: Foul Ball, location: 2F
1-1: Called Strike
1-2: Strikes out looking
Batting: LHB Matt Robertson 0-0: Ball
1-0: Foul Ball, location: 2F
1-1: Foul Ball, location: 2F
1-2: Strikes out looking
Bottom of the 8th over - 0 runs, 0 hits, 1 error, 1 left on base; Midland 12 - Chattanooga 2
TOP OF THE 9TH
Midland RockHounds batting - Pitching for Chattanooga Lookouts : RHP Curtis Ferguson
Now in CF: Isaiah Easter
Batting: RHB Edgar Landim 0-0: Foul Ball, location: 2F
0-1: Ball
1-1: Ball
2-1: Swinging Strike
2-2: Ball
3-2: Base on Balls
Pitching: RHP Mike Ferry
Pinch Hitting: RHB Dave Vezina 0-0: Swinging Strike
0-1: Foul Ball, location: 2F
0-2: Ball
1-2: Foul Ball, location: 2F
1-2: Ball
Passed Ball!
Edgar Landim to second
2-2: Strikes out swinging
Batting: RHB Justin Menotti 0-0: Called Strike
0-1: Called Strike
0-2: Fly out, F8 (Flyball, 8RD, EV 91.9 MPH)
Batting: RHB Fathi Addae 0-0: Called Strike
0-1: Foul Ball, location: 2F
0-2: Foul Ball, location: 2F
0-2: Ball
1-2: Strikes out swinging
Top of the 9th over - 0 runs, 0 hits, 0 errors, 1 left on base; Midland 12 - Chattanooga 2
BOTTOM OF THE 9TH
Chattanooga Lookouts batting - Pitching for Midland RockHounds : RHP John Barney
Now at C: Dave Vezina
Batting: RHB Justin Allison 0-0: Ball
1-0: Ball
2-0: Called Strike
2-1: Ball
3-1: Called Strike
3-2: Strikes out swinging
Batting: RHB Masaichi Tokunaga 0-0: Swinging Strike
0-1: Ball
1-1: Foul Ball, location: 2F
1-2: Ball
2-2: Foul Ball, location: 2F
2-2: Strikes out looking
Batting: LHB Kozo Kanamori 0-0: Foul Ball, location: 2F
0-1: Swinging Strike
0-2: Strikes out swinging
Bottom of the 9th over - 0 runs, 0 hits, 0 errors, 0 left on base; Midland 12 - Chattanooga 2
Thursday, March 31st , 2022 - OOTP Baseball 22.12 Build 89